 Dungeon Crawl Stone Soup version 0.20.1-1-g8b1a95d (webtiles) character file.

534 kae the Ruffian (level 7, -6/61 HPs)
             Began as a Ghoul Monk on Sept 16, 2017.
             Mangled by Edmund
             ... wielding a +4 dire flail of protection
              (7 damage)
             ... on level 4 of the Dungeon.
             The game lasted 00:04:42 (3607 turns).

kae the Ruffian (Ghoul Monk)                        Turns: 3607, Time: 00:04:43

Health: -6/61      AC:  3    Str: 10 (15) XL:     7   Next: 25%
Magic:  6/6        EV: 13    Int:  5 (7)  God:
Gold:   178        SH:  0    Dex:  8 (11) Spells: 6/6 levels left

rFire    . . .     SeeInvis .     - Unarmed
rCold    + . .     Gourm    .   (no shield)
rNeg     + + +     Faith    .   a - +1 robe
rPois    ∞         Spirit   .   (no helmet)
rElec    .         Reflect  .   (no cloak)
rCorr    .         Harm     .   (no gloves)
MR       .....                  (no boots)
Stlth    ++........             (no amulet)
Regen    0.0/turn               (no ring)
MPRegen  0.1/turn               (no ring)

@: very slightly contaminated, starving, rotting, invisible
A: rotting body, claws 1, carnivore 3, cold resistance 1, negative energy
resistance 3, inhibited regeneration, torment resistance, unbreathing
a: no special abilities


You were on level 4 of the Dungeon.
You were starving.

You visited 1 branch of the dungeon, and saw 4 of its levels.

You collected 178 gold pieces.

Inventory:

Armour
 a - a +1 robe (worn)
Jewellery
 r - an uncursed amulet of the gourmand {unknown}
Scrolls
 d - a scroll of magic mapping {unknown}
 e - 2 scrolls of teleportation
 i - 5 scrolls of identify {unknown}
 j - a scroll of fear {unknown}
 l - a scroll of blinking
 m - a scroll of amnesia {unknown}
 o - a scroll of random uselessness {unknown}
Potions
 c - a potion of degeneration
 k - a potion of ambrosia {unknown}
 n - a potion of brilliance {unknown}
Comestibles
 b - 2 meat rations
 h - 2 royal jellies


   Skills:
 + Level 5.4 Fighting
 + Level 4.2 Dodging
 - Level 2.1 Stealth
 * Level 6.5 Unarmed Combat


You had 6 spell levels left.
You didn't know any spells.

Dungeon Overview and Level Annotations

Branches:
Dungeon (4/15)
 Temple: D:4-7

Altars:

Annotations:
D:4 Edmund, Pikel


Innate Abilities, Weirdness & Mutations

Your body is rotting away.
You thrive on raw meat.
You are immune to poison.
You have sharp fingernails.
You are carnivorous and can eat meat at any time.
Your flesh is cold resistant. (rC+)
You are immune to negative energy. (rN+++)
You do not regenerate when monsters are visible.
You are immune to unholy pain and torment.
You can survive without breathing.


Message History

* * * LOW HITPOINT WARNING * * *
You scratch Edmund but do no damage.
Edmund is heavily wounded.
Edmund misses you.
You strike the helpless Edmund from behind!
You scratch Edmund.
Edmund is severely wounded.
You closely miss Edmund.
Edmund is severely wounded.
Edmund barely misses you.
You scratch Edmund but do no damage.
Edmund is severely wounded.
Edmund barely misses you.
You scratch Edmund but do no damage.
Edmund is severely wounded.
Edmund barely misses you.
You claw Edmund!
Edmund is severely wounded.
Edmund hits you with a dire flail of protection!
You die...

#.#### ...>.# .....#
##### .....###
##...##
.......#######.....#
.....#.............#
.....#########.....#
########## .....#
##...## #.........
#.#### ##@##
#.######## ..# #@#
#.# # #.# # ###.# #.#
# #.####... #...# #.#
# #........# #.###
#.# # ...###...# #.#
#####.# # #..# #...#
##.#####...#.# # #..#
#...####..........#.#
# #..#
#..........####...#.#
#


You could see Edmund.

Vanquished Creatures
  3 slaves (D:4)
  2 ogres (D:4)
  2 hounds (D:4)
  An orc priest (D:3)
  A bullfrog skeleton (D:3)
  Terence (D:2)
  Natasha (D:2)
  An iguana (D:4)
  A hound skeleton (D:4)
  7 adders
  An adder skeleton (D:4)
  3 worms
  3 dart slugs
  4 leopard geckos
  6 orcs
  12 bats
  3 giant cockroaches
  3 goblins
  10 hobgoblins
  2 jackals (D:1)
  10 kobolds
  4 frilled lizards
  A leopard gecko skeleton (D:4)
  10 rats
92 creatures vanquished.

Notes
Turn   | Place    | Note
-------+----------+-------------------------------------------
     0 | D:1      | kae the Ghoul Monk began the quest for the Orb.
     0 | D:1      | Reached XP level 1. HP: 19/19 MP: 0/0
    45 | D:1      | Reached XP level 2. HP: 16/26 MP: 1/1
   296 | D:1      | Reached XP level 3. HP: 20/33 MP: 2/2
   552 | D:2      | Reached skill level 4 in Unarmed Combat
   729 | D:2      | Found a faded altar of an unknown god.
   876 | D:2      | Noticed Terence
   888 | D:2      | Killed Terence
   888 | D:2      | Reached XP level 4. HP: 30/40 MP: 3/3
  1286 | D:2      | Noticed Natasha
  1302 | D:2      | Killed Natasha
  1302 | D:2      | Reached XP level 5. HP: 16/47 MP: 4/4
  1796 | D:3      | Reached skill level 5 in Unarmed Combat
  2326 | D:3      | Reached XP level 6. HP: 48/53 MP: 5/5
  2732 | D:4      | Reached skill level 5 in Fighting
  2746 | D:4      | Reached skill level 6 in Unarmed Combat
  2979 | D:4      | Reached XP level 7. HP: 22/60 MP: 6/6
  3409 | D:4      | Noticed Pikel
  3570 | D:4      | Noticed Edmund
  3601 | D:4      | HP: 1/61 [Edmund/dire flail of protection (14)]
  3607 | D:4      | Mangled by Edmund

Skill      XL: |  1  2  3  4  5  6 |
---------------+-------------------+-----
Dodging        | 3 4 |  4.2
Unarmed Combat | 4 5 6 |  6.5
Fighting       | 4 5 |  5.4
Stealth        | |  2.1

Action                   |  1- 3 |  4- 6 |  7- 9 || total
-------------------------+-------+-------+-------++-------
Melee: Unarmed           |   105 |   217 |    68 ||   390
       Punch             |     2 |       |     3 ||     5
  Use: Scroll            |     4 |       |       ||     4
       Potion            |       |       |     7 ||     7
 Stab: Sleeping          |     4 |     2 |       ||     6
       Invisible         |       |       |     5 ||     5
  Eat: Chunk             |     2 |     4 |     1 ||     7
Armor: Robe              |    25 |    46 |     4 ||    75
Dodge: Dodged            |    74 |   155 |    31 ||   260
